 Dungeon Crawl Stone Soup version 0.29.1-2-gbd0b4ee654 (webtiles) character file.

Game seed: 1083883349994877418

7191 GeoRichter the Stinger (level 10, -17/71 HPs)
             Began as a Demonspawn Summoner on Oct 31, 2022.
             Was an Initiate of Gozag.
             Demolished by an orc warlord
             ... wielding a +3 battleaxe
              (27 damage)
             ... in a bailey.
             The game lasted 00:43:25 (13741 turns).

GeoRichter the Stinger (Demonspawn Summoner)       Turns: 13741, Time: 00:43:25

Health: -17/71     AC: 13    Str:  8    XL:     10   Next: 87%
Magic:  18/28      EV: 13    Int: 20    God:    Gozag
Gold:   948        SH:  0    Dex: 15    Spells: 3/21 levels left

rFire   . . .      SeeInvis .   v - +2 dagger (elec)
rCold   + . .      Faith    .   (no shield)
rNeg    . . .      Spirit   .   s - +1 robe "Zodec" {rPois rC+ Will+}
rPois   +          Reflect  .   r - +2 hat
rElec   .          Harm     .   A - scarf {repulsion}
rCorr   .          Rampage  .   H - +1 pair of gloves
Will    +....                   (no boots)
Stlth   ++........              C - amulet of regeneration
HPRegen 1.01/turn               f - +4 ring of protection
MPRegen 0.21/turn               u - ring of magical power

@: mighty, repel missiles
A: rugged brown scales 2, powered by pain 1, weakness stinger 2
a: Renounce Religion, Potion Petition, Call Merchant, Bribe Branch


You were in a bailey.
You worshipped Gozag.
Gozag was pleased with you.
You visited 1 branch of the dungeon, and saw 10 of its levels.
You also visited: Bailey.

You collected 1780 gold pieces.
You spent 456 gold pieces at shops.
You paid 376 gold pieces to Gozag.

Inventory:

Hand Weapons
 v - a +2 dagger of electrocution (weapon)
   (You found it on level 4 of the Dungeon)
Missiles
 h - 2 silver boomerangs
 I - a throwing net {!f}
 P - a curare-tipped dart {!f}
Armour
 r - a +2 hat (worn)
   (You found it on level 2 of the Dungeon)
 s - the +1 robe "Zodec" (worn) {rPois rC+ Will+}
   (You bought it in a shop on level 1 of the Dungeon)

   rC:        It protects you from cold.
   rPois:     It protects you from poison.
   Will:      It increases your willpower.
 y - the +1 robe "Nofixkapu" {rN+ Slay+2 Stlth+}
   (You found it on level 5 of the Dungeon)

   Slay:      It affects your accuracy & damage with ranged weapons and melee
   (+2).
   rN:        It protects you from negative energy.
   Stlth:     It makes you more stealthy.
 A - a scarf of repulsion (worn)
   (You bought it in a shop on level 1 of the Dungeon)
 H - a +1 pair of gloves (worn)
   (You found it on level 6 of the Dungeon)
Magical Staves
 D - a staff of conjuration {!a}
   (You found it on level 5 of the Dungeon)
Jewellery
 f - a +4 ring of protection (left hand)
   (You found it on level 1 of the Dungeon)
 u - a ring of magical power (right hand)
   (You found it on level 3 of the Dungeon)
 C - an amulet of regeneration (around neck)
   (You found it on level 5 of the Dungeon)
 N - a ring of flight
   (You took it off a wight on level 9 of the Dungeon)
Wands
 F - a wand of iceblast (20)
   (You found it on level 5 of the Dungeon)
 J - a wand of polymorph (8)
   (You found it on level 8 of the Dungeon)
 M - a wand of charming (2)
   (You found it on level 9 of the Dungeon)
 O - a wand of flame (14)
   (You took it off a kobold brigand on level 9 of the Dungeon)
 Q - a wand of mindburst (2)
   (You took it off a wight on level 9 of the Dungeon)
Scrolls
 a - 4 scrolls of poison {unknown}
 c - a scroll of brand weapon {unknown}
 d - a scroll of enchant weapon
 i - 7 scrolls of identify {unknown}
 k - a scroll of enchant armour {unknown}
 m - a scroll of amnesia {unknown}
 n - 9 scrolls of teleportation {unknown}
 o - 2 scrolls of vulnerability {unknown}
 t - 2 scrolls of fear {unknown}
 x - 3 scrolls of magic mapping {unknown}
 z - a scroll of fog {unknown}
 B - a scroll of silence {unknown}
 E - 3 scrolls of blinking {unknown}
 L - a scroll of torment {unknown}
 R - 2 scrolls of summoning {unknown}
Potions
 b - a potion of magic
 e - 4 potions of heal wounds {unknown}
 g - a potion of mutation {unknown}
 j - 2 potions of resistance
 l - 5 potions of lignification {unknown}
 p - 8 potions of curing {unknown}
 q - a potion of ambrosia {unknown}
 w - 4 potions of might
 G - 5 potions of attraction {unknown}
 K - 2 potions of haste {unknown}


   Skills:
 * Level 2.3 Fighting
 * Level 2.1 Armour
 * Level 2.9 Dodging
 - Level 1.7 Stealth
 * Level 2.1 Shields
 + Level 6.2 Spellcasting
 - Level 6.3 Conjurations
 + Level 7.3 Summonings
 - Level 5.5 Transmutations
 - Level 5.0 Air Magic
 - Level 7.9 Poison Magic


You had 3 spell levels left.
You knew the following spells:

 Your Spells              Type           Power      Damage    Failure   Level
a - Summon Small Mammal   Summ           100%       N/A       1%          1
b - Call Imp              Summ           35%        N/A       1%          2
c - Call Canine Familiar  Summ           35%        N/A       1%          3
d - Mephitic Cloud        Conj/Pois/Air  31%        N/A       2%          3
e - Ignite Poison         Fire/Tmut/Pois 24%        N/A       4%          3
f - Eringya's Noxious Bo  Tmut/Pois      16%        N/A       69%         6

Your spell library contained the following spells:

 Spells                   Type           Power      Damage    Failure   Level
 Shock                    Conj/Air       100%       1d9       1%          1
 Static Discharge         Conj/Air       28%        3-7/arc   1%          2
 Spider Form              Tmut/Pois      33%        N/A       1%          3
 Swiftness                Air            26%        N/A       4%          3
 Summon Guardian Golem    Hex/Summ       20%        N/A       7%          3
 Ensorcelled Hibernation  Hex/Ice        12%        N/A       16%         2
 Frozen Ramparts          Ice            12%        1d2       30%         3
 Gell's Gravitas          Tloc           6%         N/A       30%         3
 Lesser Beckoning         Tloc           6%         N/A       30%         3
 Teleport Other           Tloc           6%         N/A       30%         3
 Summon Lightning Spire   Summ/Air       30%        N/A       9%          4
 Airstrike                Air            13%        2d(2-18)  13%         4
 Alistair's Intoxication  Tmut/Pois      22%        N/A       19%         5
 Summon Ice Beast         Ice/Summ       20%        N/A       22%         4
 Sticky Flame             Conj/Fire      18%        2d4       28%         4
 Ice Form                 Ice/Tmut       17%        N/A       32%         4
 Freezing Cloud           Conj/Ice/Air   10%        6-21      52%         5
 Anguish                  Hex/Necr       3%         N/A       71%         4
 Dispel Undead            Necr           6%         3d8       71%         4
 Borgnjor's Vile Clutch   Necr/Erth      3%         N/A       96%         5


Dungeon Overview and Level Annotations

Branches:
Dungeon (10/15) Zot: 26786  Temple (0/1) D:4          Bailey (1/1) Zot: 5401
   Lair: D:8-11         Orc: D:9-12

Altars:
Ashenzari
Cheibriados
Fedhas
Gozag
Nemelex Xobeh
Okawaru
Ru
Uskayaw
Xom

Shops:
D:1 [

Annotations:
D:2 1 runed translucent door, Crazy Yiuf
D:8 2 transporters


Innate Abilities, Weirdness & Mutations

You are mostly covered in rugged brown scales. (AC +2, +5% HP)
You sometimes gain a little power by taking damage.
You have a tail ending in a sharp stinger.


Message History

You ignite the poison in your surroundings!
The orc warlord is engulfed in blazing flames.
The orc warlord hits you with a +3 battleaxe!
You focus on the pain.
You feel very mighty all of a sudden.
The orc warlord is engulfed in blazing flames.
The orc warlord misses you.
The orc warlord is engulfed in blazing flames.
The orc warlord is distracted by your dazzling golden aura.
You closely miss the orc warlord.
The orc warlord is no longer distracted by gold.
The orc warlord shouts!
The orc warlord is engulfed in blazing flames.
The orc warlord closely misses you.
The orc warlord hits your crimson imp with a +3 battleaxe!
Your crimson imp dies!
Your crimson imp disappears in a puff of smoke!
The orc warlord hits your hound with a +3 battleaxe.
Your hound closely misses the orc warlord.
You hit the orc warlord but do no damage.
Your hound bites the orc warlord but does no damage.
The orc warlord is engulfed in blazing flames.
The orc warlord hits you with a +3 battleaxe!
The orc warlord hits your quokka with a +3 battleaxe!
Your quokka dies!
Your quokka's corpse disappears in a puff of smoke!
The orc warlord hits your hound with a +3 battleaxe!
Your hound dies!
Your hound's corpse disappears in a puff of smoke!
You hit the orc warlord but do no damage.
You tail-slap the orc warlord.
The orc warlord is engulfed in blazing flames.
The orc warlord hits you with a +3 battleaxe!!
* * * LOW HITPOINT WARNING * * *
The ball explodes into a vile cloud!
The stinking cloud engulfs the orc warlord but does no damage.
The orc warlord is engulfed in blazing flames.
The orc warlord barely misses you.
Aim: an orc warlord, wielding a +3 battleaxe and wearing a +0 plate armour (severely wounded, chance to affect: 29%)
The ball explodes into a vile cloud!
The stinking cloud engulfs the orc warlord but does no damage.
The stinking cloud engulfs you but does no damage.
The orc warlord is engulfed in noxious fumes.
The orc warlord hits you with a +3 battleaxe!!
* * * LOW HITPOINT WARNING * * *
You focus on the pain.
You feel your power returning.
The orc warlord attacks as you move away!
The orc warlord hits you with a +3 battleaxe!!
You die...
Your body crumbles into a pile of gold.

##...##.........##..
##.....##.......##...
##.......##~~~~~##...8
##..8..8...#~~~~~#.....
#.......(..#~~~~$#.....
#..........'.....'....8
#...8......#########(..
##......####~~~#~~~##.(
##..☼@☼#~~#~.....=~#.(
##☼.o○#~........?~#..
#.☼§##~8.8...8.8##..
#○☼☼'~$.........#...
#...'~~....∩....#...
#...'~~........o#...
#...##~8.8...8.8##..
##....#~........!~#..
##.....#~~#~.....:~#..


You could see an orc warlord.

Vanquished Creatures
  A two-headed ogre (D:7)
  A cyclops (D:10)
  Sigmund (D:2)
  2 wyverns
  A steam dragon (D:7)
  Edmund (D:6)
  A sky beast (D:6)
  Duvessa (D:6)
  3 orc warriors (Bailey)
  An ogre (D:5)
  A centaur (D:8)
  2 phantoms (D:5)
  A kobold brigand (D:9)
  2 bullfrogs
  3 scorpions
  A gnoll sergeant (D:8)
  12 wights
  Dowan (D:6)
  2 killer bees
  A howler monkey (D:9)
  An electric eel (D:7)
  A jelly (D:7)
  4 hounds
  3 orc priests (D:8)
  An iguana (D:5)
  3 orc wizards
  A hound skeleton (D:3)
  7 gnolls
  6 adders
  2 white imps (D:7)
  An ufetubus (D:6)
  3 worms
  9 orcs
  2 ball pythons (D:4)
  2 bats (D:3)
  2 endoplasms
  3 giant cockroaches
  5 goblins
  4 hobgoblins
  5 kobolds
  A quokka (D:4)
  A frilled lizard (D:2)
106 creatures vanquished.

Vanquished Creatures (collateral kills)
  Joseph (D:8)
  A shadow (D:10)
  A wraith (D:10)
  2 vampire mosquitoes (D:10)
  Menkaure (D:4)
  An acid dragon (D:8)
  2 water moccasins (D:7)
  An ice beast (D:8)
  A sky beast (D:8)
  2 orc warriors (Bailey)
  2 ogres (D:4)
  A centaur (D:8)
  A kobold brigand (D:9)
  A gnoll sergeant (D:7)
  A bullfrog (D:9)
  A scorpion (D:6)
  A wight (D:7)
  7 killer bees
  A howler monkey (D:8)
  A gnoll bouda (D:9)
  An orc priest (D:8)
  An iguana (D:5)
  2 orc wizards
  A scorpion zombie (D:3)
  A hound skeleton (D:3)
  8 gnolls
  3 adders
  A worm (D:2)
  5 dart slugs
  14 orcs
  3 endoplasms
  4 giant cockroaches
  5 goblins
  4 hobgoblins
  3 quokkas
  4 ball pythons
  A ball python skeleton (D:3)
  A bat (D:1)
  13 kobolds
  2 butterflies (D:6)
107 creatures vanquished.

Vanquished Creatures (others)
  A killer bee (D:9)
  An orc wizard (D:4)
  A fungus (D:10)
  12 plants (D:10)
  5 withered plants (D:3)
20 creatures vanquished.

Grand Total: 233 creatures vanquished

Notes
Turn   | Place    | Note
-------+----------+-------------------------------------------
     0 | D:1      | GeoRichter the Demonspawn Summoner began the quest for the
                  | Orb.
     0 | D:1      | Reached XP level 1. HP: 13/13 MP: 3/3
   489 | D:1      | Gained mutation: You sometimes gain a little power by
                  | taking damage. [demonic ancestry]
   489 | D:1      | Reached XP level 2. HP: 18/19 MP: 1/5
   492 | D:1      | Learned a level 2 spell: Call Imp
   544 | D:1      | Found Taegisax's Armour Shoppe.
   685 | D:1      | Found a faded altar of an unknown god.
  1512 | D:2      | Found a runed translucent door.
  1513 | D:2      | Noticed Crazy Yiuf
  1567 | D:2      | Gained mutation: You are partially covered in rugged brown
                  | scales. (AC +1, +3% HP) [demonic ancestry]
  1567 | D:2      | Reached XP level 3. HP: 19/24 MP: 2/6
  1670 | D:2      | Learned a level 3 spell: Call Canine Familiar
  1789 | D:2      | Found a sacrificial altar of Ru.
  1967 | D:2      | Noticed Sigmund
  2040 | D:2      | Killed Sigmund
  2041 | D:2      | Gained mutation: You have a small tail. [demonic ancestry]
  2041 | D:2      | Reached XP level 4. HP: 19/30 MP: 1/9
  2041 | D:2      | Reached XP level 5. HP: 22/36 MP: 1/10
  2045 | D:2      | Learned a level 3 spell: Mephitic Cloud
  2457 | D:3      | Reached XP level 6. HP: 37/42 MP: 11/11
  2592 | D:3      | Found an opulent altar of Gozag.
  2600 | D:3      | Became a worshipper of Gozag Ym Sagoz the Greedy
  3113 | D:3      | Found a blossoming altar of Fedhas.
  3333 | D:4      | Learned a level 3 spell: Ignite Poison
  3516 | D:1      | Bought the +1 robe "Zodec" {rPois rC+ Will+} for 324 gold
                  | pieces
  3631 | D:4      | Reached skill level 1 in Conjurations
  3631 | D:4      | Reached skill level 1 in Poison Magic
  3631 | D:4      | Gained mutation: You have a tail ending in a sharp stinger.
                  | [demonic ancestry]
  3631 | D:4      | Reached XP level 7. HP: 47/47 MP: 13/13
  3741 | D:4      | Noticed Menkaure
  3750 | D:4      | Killed Menkaure
  4075 | D:4      | Found a sparkling altar of Nemelex Xobeh.
  4159 | D:4      | Found a staircase to the Ecumenical Temple.
  4330 | D:5      | Entered Level 5 of the Dungeon
  4357 | D:5      | Identified the +1 robe "Nofixkapu" {rN+ Slay+2 Stlth+}
  4514 | D:1      | Bought a scarf of repulsion for 132 gold pieces
  4972 | D:5      | Reached XP level 8. HP: 44/53 MP: 15/15
  5010 | D:5      | Reached skill level 5 in Spellcasting
  5494 | D:5      | Reached skill level 5 in Poison Magic
  5777 | D:6      | Noticed Edmund
  5777 | D:6      | Noticed Dowan
  5805 | D:6      | Killed Edmund
  5845 | D:6      | Noticed Duvessa
  5857 | D:6      | Killed Duvessa
  5862 | D:6      | Killed Dowan
  6083 | D:6      | Found a shimmering altar of Xom.
  6771 | D:6      | Reached XP level 9. HP: 36/55 MP: 17/17
  7395 | D:7      | Reached skill level 1 in Transmutations
  7395 | D:7      | Reached skill level 1 in Air Magic
  8026 | D:7      | Noticed a two-headed ogre
  8903 | D:7      | Killed a two-headed ogre
  8904 | D:7      | Reached skill level 5 in Conjurations
 10007 | D:8      | Gained mutation: You are mostly covered in rugged brown
                  | scales. (AC +2, +5% HP) [demonic ancestry]
 10007 | D:8      | Reached XP level 10. HP: 52/66 MP: 18/18
 10038 | D:8      | Found a sacrificial altar of Ru.
 10170 | D:8      | Noticed Joseph
 10187 | D:8      | Killed Joseph
 10196 | D:8      | Found a transporter.
 10657 | D:8      | Found a transporter.
 10730 | D:8      | Found a broken altar of Ashenzari.
 10731 | D:8      | Found a hide-covered altar of Uskayaw.
 11617 | D:9      | Reached skill level 5 in Transmutations
 11617 | D:9      | Reached skill level 5 in Air Magic
 11889 | D:9      | Found a snail-covered altar of Cheibriados.
 12880 | D:9      | Found an iron altar of Okawaru.
 12916 | D:9      | Learned a level 6 spell: Eringya's Noxious Bog
 12945 | D:10     | Entered Level 10 of the Dungeon
 13109 | D:10     | Noticed a cyclops
 13111 | D:10     | Reached skill level 1 in Fighting
 13113 | D:10     | Reached skill level 1 in Armour
 13113 | D:10     | Reached skill level 1 in Shields
 13118 | D:10     | Killed a cyclops
 13137 | D:10     | Found a flagged portal.
 13148 | Bailey   | Entered a bailey
 13157 | Bailey   | Noticed an orc warlord
 13363 | Bailey   | Found a runed translucent gate.
 13364 | Bailey   | Found a runed translucent gate.
 13369 | Bailey   | Found a runed translucent gate.
 13741 | Bailey   | Demolished by an orc warlord

Illustrated notes

Levels and vault maps discovered:
D:1:      elethiomel_arrival_infinity_welcomes_careful_drivers,
          layout_loops_ring, serial_shops, nicolae_shop_stone,
          shapermc_ecumenical_altar_totnotflames, grunt_decor_resistance,
          nicolae_titane
D:2:      layout_rooms, basic_altar, minmay_worlds_worst_comb,
          uniq_crazy_yiuf_cottage, uniq_sigmund
D:3:      layout_rooms, fedhas_altar_4, mainiacjoe_overflow_cross_hatched,
          serial_undead, serial_undead_b, serial_undead_a, serial_undead_c,
          serial_undead_e
D:4:      layout_cave_pools, nemelex_dance_club_becter,
          minmay_temple_entry_from_below_a, uniq_menkaure
D:5:      layout_loops_ring
D:6:      layout_cave_pods, xom_butterflies, uniq_edmund, uniq_duvessa
D:7:      layout_gridville, kennysheep_generic_room_2
D:8:      gammafunk_cloud_chamber, layout_layer_cave, minitemple,
          mainiacjoe_overflow_24_doors, chequers_serial_rivers_large_b,
          grunt_ministairs_12, uniq_joseph
D:9:      hellmonk_destroyed_diamonds, layout_basic, mainiacjoe_overflow_swirl
D:10:     layout_irregular_city, minmay_lair_entry_grove, enter_bailey_3
Bailey:   bailey_axe_bossmonster_kennysheep, bailey

Skill      XL: |  1  2  3  4  5  6  7  8  9 10 |
---------------+-------------------------------+-----
Spellcasting   | 3 4 5 6 |  6.2
Summonings     | 6 7 |  7.3
Conjurations   | 1 2 4 5 6 |  6.3
Poison Magic   | 1 4 6 7 |  7.9
Transmutations | 4 5 |  5.5
Air Magic      | 4 5 |  5.0
Dodging        | 2 |  2.9
Fighting       | 2 |  2.3
Armour         | 2 |  2.1
Shields        | 2 |  2.1
Stealth        | |  1.7

Action                   |  1- 3 |  4- 6 |  7- 9 | 10-12 || total
-------------------------+-------+-------+-------+-------++-------
Melee: Unarmed           |    25 |       |       |       ||    25
       Dagger            |    13 |    10 |   221 |   145 ||   389
       Whip              |    44 |    77 |       |       ||   121
       Punch             |     2 |     1 |     4 |     2 ||     9
       Tailslap          |       |    12 |    24 |    16 ||    52
 Cast: Summon Small Mamm |    25 |     8 |    28 |    21 ||    82
       Call Imp          |    10 |    12 |    38 |    22 ||    82
       Call Canine Famil |     1 |    13 |    39 |    32 ||    85
       Mephitic Cloud    |       |       |    17 |    34 ||    51
       Ignite Poison     |       |       |     8 |    19 ||    27
Invok: Potion Petition   |       |       |     1 |       ||     1
  Use: Scroll            |       |       |       |     1 ||     1
       Potion            |       |       |       |     1 ||     1
 Stab: Sleeping          |     3 |     1 |     2 |       ||     6
       Distracted        |       |       |     2 |     4 ||     6
       Confused          |       |       |     3 |     1 ||     4
Armor: Robe              |    25 |    33 |    92 |    72 ||   222
Dodge: Dodged            |    62 |    64 |   172 |   167 ||   465
       Repelled          |       |       |     1 |     2 ||     3
